Map: Pylon LE

Players

LigerMaNN

  • Race: Zerg Zerg
  • League: Diamond
  • Spawn Location: 5:00

DeathbyRugby - Winner!

  • Race: Protoss Protoss
  • League: Diamond
  • Spawn Location: 11:00

VOD

Have the link to the VOD?

Description

Time

  • Played on: June 26, 2025, 1:17 a.m.
  • Length: 10:37
Show
View Real Time Build Order
Export as new Build Order

LigerMaNN Zerg 

Build Orders: Hatch First 

Get SALT Encoding   

  12  0:01  Drone  
  13  0:12  Overlord  
  13  0:16  Drone  
  14  0:34  Drone x2  
  16  0:46  Hatchery  
  15  0:50  Drone  
  15  0:54  Drone  
  17  0:57  Drone  
  18  1:08  Extractor  
  17  1:27  Spawning Pool  
  16  1:46  Drone  
  16  1:47  Drone x2  
  19  1:58  Drone  
  19  2:00  Drone  
  21  2:08  Drone  
  21  2:12  Overlord  
  22  2:23  Queen  
  22  2:27  Queen  
  26  2:36  Metabolic Boost  
  26  2:42  Drone  
  27  2:52  Hatchery  
  26  2:59  Zergling x6  
  29  3:07  Queen  
  29  3:10  Drone  
  29  3:12  Drone  
  33  3:17  Overlord  
  33  3:25  Drone  
  33  3:26  Drone x2  
  36  3:29  Overlord  
  36  3:44  Queen  
  36  3:48  Drone x2  
  40  3:50  Drone x3  
  40  3:51  Extractor  
  42  3:56  Roach Warren  
  41  4:07  Evolution Chamber  
  40  4:26  Drone x9  
  40  4:27  Drone x3  
  40  4:29  Drone  
  53  4:37  Zerg Missile Weapons Level 1  
  53  4:41  Lair  
  53  4:44  Overlord  
  53  4:49  Overlord  
  53  4:57  Drone x4  
  53  4:58  Drone, Extractor  
  57  5:00  Drone, Extractor  
  55  5:08  Roach x2  
  55  5:09  Roach x2  
  55  5:11  Roach  
  55  5:13  Roach  
  67  5:16  Roach  
  67  5:18  Roach  
  68  5:46  Queen  
  68  5:48  Queen  
  72  5:57  Roach  
  74  5:58  Overlord  
  74  5:59  Overlord x4  
  74  6:03  Roach x7  
  74  6:08  Overlord x2  
  74  6:13  Glial Reconstitution  
  74  6:17  Ravager  
  74  6:18  Ravager x2  
  77  6:19  Ravager x4  
  77  6:24  Roach x9  
  94  6:25  Roach  
  94  6:28  Ravager x3  
  94  6:30  Ravager  
  98  6:40  Queen  
  98  6:41  Queen  
  98  6:42  Overlord  
  102  6:56  Drone  
  102  6:57  Drone x3  
  106  7:07  Roach x7  
  120  7:17  Overlord x2  
  120  7:18  Overlord, Hydralisk Den  
  119  7:31  Drone x9  
  119  7:32  Drone  
  129  7:38  Overseer  
  129  7:46  Ravager x6  
  129  7:48  Roach  
  135  7:57  Hatchery  
  112  8:07  Roach x8  
  116  8:18  Drone x6  
  114  8:33  Drone x6  
  113  8:49  Overseer, Spore Crawler  
  113  8:50  Overseer  
  113  8:54  Drone x3  
  113  8:55  Drone  
  115  9:02  Drone x2  
  85  9:19  Drone  
  86  9:28  Drone  
  87  9:32  Ravager  
  88  9:51  Drone  
  88  9:52  Drone  
Show
View Real Time Build Order
Export as new Build Order

DeathbyRugby Protoss - Winner!

Build Orders: Forge Fast Expand (FFE) 

Get SALT Encoding   

  12  0:00  Probe  
  13  0:16  Probe  
  14  0:28  Probe  
  14  0:30  Pylon  
  15  0:46  Probe  
  16  0:50  Forge  
  16  0:54  Probe  
  16  1:02  Pylon, Probe  
  18  1:14  Probe  
  18  1:28  Nexus  
  18  1:38  Gateway  
  18  1:46  Photon Cannon  
  18  1:53  Probe  
  19  1:56  Pylon  
  19  2:02  Assimilator  
  19  2:05  Probe  
  20  2:22  Probe  
  21  2:31  Assimilator  
  21  2:34  Probe  
  22  2:37  Cybernetics Core  
  22  2:42  Probe  
  23  2:46  Probe  
  23  2:48  Protoss Ground Weapons Level 1  
  24  2:51  Gateway  
  24  2:53  Gateway, Probe  
  24  2:56  Probe  
  26  3:01  Probe  
  26  3:04  Probe  
  28  3:12  Warp Gate  
  28  3:13  Adept  
  30  3:22  Probe  
  30  3:23  Probe  
  32  3:34  Probe  
  32  3:35  Probe  
  34  3:44  Adept x2  
  34  3:46  Probe  
  34  3:47  Probe, Adept  
  42  3:56  Twilight Council  
  42  3:59  Pylon  
  42  4:04  Pylon  
  42  4:05  Probe x2  
  44  4:17  Probe  
  44  4:18  Pylon, Probe  
  46  4:28  Adept x2  
  46  4:29  Adept  
  52  4:33  Gateway  
  52  4:35  Resonating Glaives  
  52  4:41  Probe x2  
  54  4:47  Protoss Ground Armor Level 1  
  54  4:53  Probe  
  55  5:08  Adept  
  55  5:09  Adept x2  
  61  5:32  Adept x3  
  61  5:33  Adept  
  67  5:53  Stalker  
  69  6:00  Gateway x2  
  69  6:08  Charge  
  69  6:09  Gateway  
  69  6:10  Gateway  
  69  6:14  Pylon x2  
  69  6:17  Pylon  
  69  6:19  Assimilator  
  69  6:33  Protoss Ground Weapons Level 2  
  69  6:40  Robotics Facility  
  69  6:44  Dark Shrine  
  69  6:45  Zealot x4  
  77  7:04  Probe x2, Assimilator  
  79  7:09  Zealot x4  
  79  7:10  Zealot x2  
  79  7:11  Zealot  
  93  7:37  Nexus  
  93  7:38  Pylon  
  93  7:39  Pylon  
  93  7:42  Pylon x2  
  47  8:27  Dark Templar x3  
  47  8:28  Dark Templar x2  
  47  8:30  Zealot x2  
  47  8:32  Immortal  
  61  9:08  Zealot x3  
  61  9:09  Zealot x4  
  69  9:13  Probe  
  69  9:14  Probe x2  
  68  9:26  Probe x3  
  68  9:28  Immortal  
  75  9:32  Dark Templar x3  
  75  9:34  Zealot x4  
  75  9:36  Archon  
  75  9:38  Probe x2  
  90  10:03  Dark Templar x2  
  90  10:05  Zealot x4  
  75  10:28  Zealot x4  
Tags
 
Add a new tag
Caveats
  • Supply blocks, unpowered buildings, or Contaminate may cause inaccurate times.
  • Supply counts are checked every 10 seconds.